AoeStats
← Alvinangus

Arena

510358881Analyzed
3v3 RM · 1d ago on Sep 30, 2026· 89m 41s· 6 players
Game mode
Random Map
Map size
Normal (6 player)
Population
200
Speed
Normal
Resources
Standard
Victory
Conquest
Starting age
Dark Age
Ending age
Imperial Age
RankedLock teamsTeams togetherTeam positionsShared explorationLock speedFull tech treeHidden civsTurbo modeCheats
Victory
Defeat
🇮🇳 Hindustanis · India
1054
+17
🇮🇳 Japanese · India
1004
+19
🇨🇱 Turks · Chile
988
+19
🇺🇦 Italians · Ukraine
1211
-24
🇧🇷 Bulgarians · Brazil
1050
-18
🇺🇦 Goths · Ukraine
935
-13
Maverick
10:34 Feudal Age
14:56 Castle Age
13:21 Horse Collar
13:27 Double-Bit Axe
13:53 Gold Mining
14:13 Stone Mining
14:12 Loom
15:03 Wheelbarrow
15:54 Heavy Plow
16:08 Bow Saw
16:54 Gold Shaft Mining
18:07 Stone Shaft Mining
20:50 Hand Cart
20:21 Town Watch
28:55 Imperial Age
28:32 Forging
28:22 Scale Mail Armor
33:06 Chemistry
32:27 Ballistics
32:37 Siege Engineers
32:27 Murder Holes
34:07 Iron Casting
33:38 Scale Barding Armor
33:58 Husbandry
34:09 Bloodlines
34:00 Heavy Camel Rider
40:44 Siege Engineers
55:14 Blast Furnace
54:29 Chain Mail Armor
54:23 Elite Ghulam
55:24 Conscription
54:56 Onager
64:20 Grand Trunk Road
71:10 Caravan
72:31 Arson
72:46 Squires
74:03 Light Cavalry
75:39 Hoardings
76:19 Elite Skirmisher
76:24 Hussar
81:16 Chain Barding Armor
82:35 Plate Barding Armor
Avalon
2:19 Loom
9:00 Feudal Age
9:28 Double-Bit Axe
9:25 Horse Collar
11:45 Loom
16:35 Castle Age
20:32 Wheelbarrow
27:52 Fletching
28:15 Forging
28:57 Fortified Wall
28:58 Masonry
32:01 Iron Casting
31:27 Scale Mail Armor
38:49 Imperial Age
36:06 Town Watch
37:31 Chain Mail Armor
37:19 Stone Mining
37:20 Gold Mining
38:20 Squires
38:05 Arson
39:02 Elite Samurai
40:04 Stone Mining
41:48 Blast Furnace
42:53 Plate Mail Armor
43:36 Hand Cart
44:10 Conscription
44:11 Kataparuto
45:17 Gold Shaft Mining
44:52 Heavy Plow
45:02 Bow Saw
50:36 Coinage
60:57 Banking
62:14 Pikeman
65:08 Halberdier
69:14 Caravan
73:56 Two-Man Saw
74:40 Bodkin Arrow
87:25 Elite Skirmisher
88:08 Bracer
88:09 Padded Archer Armor
malin la estrella xd
0:45 Loom
11:13 Feudal Age
12:10 Double-Bit Axe
12:57 Gold Mining
18:29 Castle Age
17:08 Stone Mining
17:25 Horse Collar
21:42 Wheelbarrow
26:27 Ballistics
28:46 Fortified Wall
32:13 Imperial Age
30:47 Husbandry
31:55 Bloodlines
32:46 Gold Shaft Mining
33:38 Elite Janissary
38:19 Cavalier
39:14 Forging
45:28 Conscription
45:46 Scale Barding Armor
49:25 Iron Casting
63:26 Caravan
63:54 Heavy Plow
70:30 Murder Holes
72:20 Blast Furnace
76:23 Chain Barding Armor
78:47 Artillery
78:54 Fletching
80:08 Plate Barding Armor
Makan
11:18 Feudal Age
12:15 Feudal Age
17:24 Castle Age
15:54 Loom
16:44 Wheelbarrow
15:55 Town Watch
22:22 Imperial Age
21:52 Forging
21:42 Scale Mail Armor
23:10 Iron Casting
22:50 Chain Mail Armor
24:23 Blast Furnace
24:06 Perfusion
49:00 Pikeman
49:41 Squires
52:36 Double-Bit Axe
57:53 Heavy Scorpion
60:40 Loom
65:38 Padded Archer Armor
65:28 Fletching
67:23 Horse Collar
67:57 Bow Saw
71:27 Wheelbarrow
71:01 Heavy Plow
74:43 Conscription
73:58 Sappers
76:30 Crop Rotation
77:05 Two-Man Saw
79:39 Ballistics
80:19 Chemistry
80:14 Hand Cart
81:30 Hand Cart
Alvinangus
9:50 Feudal Age
10:41 Loom
11:41 Wheelbarrow
13:12 Double-Bit Axe
13:19 Gold Mining
13:11 Horse Collar
33:42 Castle Age
33:50 Fletching
34:00 Padded Archer Armor
34:16 Stone Mining
34:54 Hand Cart
34:55 Heavy Plow
35:06 Bow Saw
36:00 Bodkin Arrow
36:20 Leather Archer Armor
36:00 Bodkin Arrow
36:21 Leather Archer Armor
37:38 Coinage
39:02 Stone Shaft Mining
42:47 Imperial Age
43:21 Town Watch
44:15 Conscription
43:23 Elite Genoese Crossbowman
44:43 Crop Rotation
45:17 Two-Man Saw
44:57 Guilds
45:18 Banking
44:51 Bracer
45:22 Ring Archer Armor
48:34 Chemistry
47:55 Ballistics
47:45 Masonry
47:46 Fortified Wall
47:32 Murder Holes
49:08 Scale Barding Armor
49:14 Forging
50:36 Chain Barding Armor
50:51 Iron Casting
50:36 Chain Barding Armor
50:51 Iron Casting
53:04 Squires
52:49 Arson
53:42 Iron Casting
53:43 Plate Barding Armor
54:02 Bloodlines
53:53 Husbandry
54:03 Bloodlines
53:53 Husbandry
54:03 Bloodlines
53:53 Husbandry
53:14 Light Cavalry
54:56 Blast Furnace
54:19 Ballistics
55:34 Hoardings
55:00 Hussar
63:24 Treadmill Crane
67:12 Caravan
70:52 Thumb Ring
75:43 Scale Mail Armor
Mr_S00R
1:52 Loom
12:04 Feudal Age
13:36 Wheelbarrow
13:04 Double-Bit Axe
17:22 Castle Age
16:43 Horse Collar
21:31 Gambesons
21:36 Arson
23:33 Forging
23:23 Scale Mail Armor
24:00 Squires
25:44 Iron Casting
25:24 Chain Mail Armor
25:28 Gold Mining
30:21 Heavy Plow
30:59 Gold Shaft Mining
30:35 Bow Saw
32:04 Stone Mining
38:36 Imperial Age
36:59 Elite Skirmisher
38:28 Fletching
38:38 Padded Archer Armor
40:46 Stone Shaft Mining
41:56 Blast Furnace
41:26 Plate Mail Armor
41:01 Scale Barding Armor
42:51 Crop Rotation
43:58 Chain Barding Armor
44:24 Heavy Scorpion
45:48 Hand Cart
45:19 Town Watch
46:20 Plate Barding Armor
45:42 Bodkin Arrow
46:38 Stirrups
46:58 Bloodlines
46:48 Husbandry
49:25 Bracer
53:08 Town Patrol
55:22 Leather Archer Armor
59:38 Chemistry
58:59 Ballistics
58:35 Murder Holes
63:40 Elite Konnik
64:49 Conscription
76:09 Thumb Ring
76:35 Parthian Tactics
76:35 Caravan
77:10 Coinage
78:36 Banking
85:14 Pikeman
86:47 Halberdier
Connection lost

Rejoining the realm…

Still unreachable

The connection could not be restored.

Session expired

The server has moved on; the page needs a fresh start.